Map: Romanticide LE

Players

GunGFuBanDa - Winner!

  • Race: Protoss Protoss

Stephano

  • Race: Zerg Zerg

Event: DreamHack SC2 Masters 2021 Winter

VOD

Have the link to the VOD?

Description

Time

  • Played on: Oct. 10, 2021, 1:34 p.m.
  • Length: 18:07

All games in this series

Show
View Real Time Build Order
Export as new Build Order

GunGFuBanDa Protoss - Winner!

Build Orders: 1 Gate Expand 

Get SALT Encoding   

  12  0:00  Probe  
  13  0:12  Probe  
  14  0:18  Pylon  
  14  0:24  Probe (Chrono Boost)  
  15  0:36  Probe (Chrono Boost)  
  15  0:38  Gateway  
  16  0:45  Probe (Chrono Boost)  
  16  0:49  Assimilator  
  17  0:51  Probe  
  18  1:03  Probe  
  19  1:15  Probe  
  20  1:24  Nexus  
  20  1:34  Cybernetics Core  
  20  1:37  Probe (Chrono Boost)  
  21  1:45  Assimilator  
  21  1:46  Probe (Chrono Boost)  
  22  1:51  Pylon  
  22  1:53  Probe  
  23  2:08  Adept (Chrono Boost)  
  23  2:09  Probe  
  26  2:18  Warp Gate  
  26  2:21  Probe  
  27  2:29  Twilight Council  
  27  2:31  Stalker  
  30  2:37  Probe (Chrono Boost)  
  30  2:42  Probe (Chrono Boost)  
  31  2:46  Probe (Chrono Boost)  
  31  2:49  Probe (Chrono Boost)  
  33  2:51  Probe  
  34  3:00  Probe  
  34  3:04  Probe  
  36  3:07  Robotics Facility  
  36  3:08  Resonating Glaives (Chrono Boost)  
  36  3:12  Probe  
  37  3:16  Probe  
  37  3:17  Gateway  
  38  3:24  Probe  
  38  3:26  Adept, Gateway  
  41  3:32  Gateway  
  41  3:36  Pylon  
  41  3:37  Probe  
  41  3:39  Probe  
  43  3:49  Probe  
  43  3:51  Warp Prism (Chrono Boost), Probe, Pylon  
  47  4:02  Robotics Bay, Probe  
  48  4:05  Probe  
  48  4:08  Adept  
  51  4:12  Adept  
  53  4:18  Probe x2  
  53  4:19  Pylon  
  53  4:21  Assimilator  
  55  4:25  Observer  
  56  4:33  Probe, Pylon  
  56  4:34  Probe  
  58  4:41  Adept x4  
  58  4:44  Assimilator  
  66  4:45  Probe  
  67  4:53  Disruptor (Chrono Boost)  
  72  5:00  Pylon  
  72  5:04  Pylon  
  70  5:07  Adept x3  
  70  5:08  Adept  
  78  5:24  Probe  
  78  5:25  Disruptor  
  82  5:30  Adept x3  
  86  5:37  Observer  
  86  5:38  Probe  
  86  5:39  Adept  
  86  5:40  Probe  
  76  5:50  Probe  
  76  5:52  Adept x3, Probe  
  76  5:55  Nexus  
  84  6:02  Probe  
  83  6:06  Probe  
  80  6:11  Observer  
  80  6:15  Probe  
  80  6:18  Probe  
  78  6:20  Gravitic Drive (Chrono Boost)  
  78  6:23  Colossus (Chrono Boost)  
  74  6:27  Probe  
  74  6:28  Blink, Pylon  
  74  6:30  Probe  
  82  6:39  Probe  
  83  6:41  Forge  
  83  6:42  Probe  
  84  6:48  Sentry  
  84  6:49  Shield Battery  
  84  6:51  Probe  
  87  6:54  Probe  
  87  6:59  Observer  
  88  7:04  Probe  
  88  7:06  Gateway, Probe  
  88  7:07  Gateway, Assimilator, Probe, Colossus (Chrono Boost)  
  91  7:13  Protoss Ground Weapons Level 1, Sentry  
  99  7:16  Probe  
  99  7:18  Probe  
  101  7:23  Probe  
  101  7:28  Probe  
  103  7:30  Probe  
  103  7:34  Observer  
  103  7:36  Probe  
  105  7:38  Assimilator  
  105  7:39  Gateway  
  105  7:40  Probe  
  105  7:42  Gateway  
  94  7:44  Pylon  
  94  7:47  Stalker x2, Sentry  
  94  7:48  Stalker  
  102  7:52  Pylon  
  102  7:54  Colossus (Chrono Boost)  
  102  7:57  Pylon  
  107  8:08  Stalker x2  
  107  8:12  Extended Thermal Lance (Chrono Boost)  
  111  8:15  Photon Cannon  
  111  8:26  Pylon  
  111  8:33  Stalker x3  
  111  8:34  Stalker  
  119  8:36  Observer (Chrono Boost), Nexus  
  119  8:37  Pylon  
  120  8:48  Charge  
  120  8:49  Warp Prism (Chrono Boost), Probe x2  
  120  8:50  Probe  
  125  9:03  Stalker x6  
  125  9:05  Shield Battery  
  125  9:07  Photon Cannon  
  137  9:10  Probe  
  137  9:12  Assimilator x2  
  138  9:23  Immortal (Chrono Boost)  
  142  9:28  Adept x3  
  142  9:29  Adept  
  150  9:39  Probe  
  150  9:40  Robotics Facility, Probe x2  
  150  9:43  Photon Cannon, Protoss Ground Weapons Level 2 (Chrono Boost)  
  153  9:51  Probe  
  153  9:52  Probe  
  153  10:08  Immortal (Chrono Boost)  
  153  10:14  Probe x3  
  158  10:20  Stalker x3  
  166  10:24  Dark Shrine  
  166  10:25  Gateway  
  166  10:27  Templar Archives  
  166  10:28  Stalker, Probe  
  153  10:29  Stalker x2, Gateway  
  153  10:33  Pylon  
  157  10:38  Photon Cannon  
  157  10:42  Immortal  
  161  10:46  Probe  
  162  11:05  Probe (Chrono Boost), High Templar x3  
  162  11:06  High Templar  
  162  11:08  Probe (Chrono Boost)  
  162  11:10  Pylon  
  162  11:11  Pylon  
  170  11:12  Photon Cannon, Archon x2  
  170  11:14  Shield Battery  
  166  11:22  High Templar x2  
  166  11:23  Immortal  
  170  11:33  Zealot x2  
  170  11:34  Zealot x2  
  150  11:50  Immortal, Archon  
  130  11:57  Protoss Shields Level 1 (Chrono Boost)  
  130  11:59  Zealot x10  
  110  12:23  Zealot x8  
  110  12:24  Zealot  
  114  12:34  Immortal x2  
  108  12:45  High Templar x8  
  108  12:46  High Templar x2  
  108  12:49  Archon  
  108  12:50  Archon x3  
  108  12:51  Archon  
  128  12:58  Nexus  
  127  13:06  Nexus  
  127  13:18  Dark Templar x2  
  131  13:21  Dark Templar  
  131  13:22  Psionic Storm  
  131  13:25  Probe  
  133  13:39  Probe  
  133  13:40  Probe  
  133  13:43  Stalker x3  
  139  13:50  Pylon  
  137  14:06  High Templar x4  
  141  14:12  High Templar x2  
  141  14:13  Zealot x4  
  153  14:18  Probe  
  153  14:20  Photon Cannon, Archon  
  153  14:21  Photon Cannon  
  153  14:23  Shield Battery  
  155  14:31  Probe x2  
  150  14:43  High Templar x4  
  150  14:44  Zealot x4  
  150  14:45  Zealot x2  
  170  14:47  Archon, Protoss Ground Weapons Level 3 (Chrono Boost)  
  170  14:48  Archon  
  170  14:50  Warp Prism (Chrono Boost)  
  172  15:01  Probe  
  172  15:02  Probe  
  174  15:11  Probe  
  174  15:12  Probe x2  
  174  15:13  Probe  
  176  15:14  Probe  
  176  15:20  Zealot x7  
  177  15:39  Probe  
  177  15:42  Stalker x4  
  174  15:43  Stalker x2  
  160  16:03  High Templar x4  
  154  16:15  Probe x2  
  154  16:16  Probe  
  157  16:22  Stalker x6  
  169  16:32  Assimilator  
  169  16:33  Assimilator  
  169  16:40  Nexus  
  169  16:42  Immortal  
  169  16:43  Zealot x5  
  169  16:45  Dark Templar x2  
  169  16:46  Dark Templar  
  183  17:13  Stargate  
  179  17:19  Zealot x3  
  179  17:20  Zealot x3  
  162  17:51  Zealot x3  
  144  17:54  Zealot x5  
Show
View Real Time Build Order
Export as new Build Order

Stephano Zerg 

Build Orders: Hatch First 

Get SALT Encoding   

  12  0:00  Drone  
  13  0:12  Overlord  
  13  0:17  Drone  
  14  0:30  Drone x2  
  16  0:51  Drone, Hatchery  
  16  0:54  Drone  
  17  0:57  Drone  
  18  1:08  Extractor  
  17  1:13  Spawning Pool  
  17  1:16  Drone  
  17  1:19  Drone  
  18  1:28  Drone  
  19  1:38  Drone  
  20  1:51  Drone  
  21  2:00  Zergling x2  
  22  2:02  Queen x2  
  22  2:03  Drone  
  27  2:10  Overlord  
  27  2:13  Drone  
  28  2:20  Metabolic Boost  
  28  2:28  Drone, Hatchery  
  28  2:35  Zergling x2  
  28  2:36  Drone  
  30  2:41  Queen  
  32  2:45  Overlord  
  32  2:48  Drone  
  33  2:51  Drone  
  33  2:57  Evolution Chamber  
  33  3:00  Drone  
  33  3:01  Drone  
  33  3:03  Spore Crawler  
  35  3:06  Drone  
  35  3:10  Overlord  
  35  3:12  Drone x3  
  40  3:19  Overlord  
  40  3:21  Queen  
  40  3:23  Drone  
  43  3:30  Drone x2  
  43  3:32  Queen  
  47  3:39  Overlord  
  47  3:40  Overlord  
  47  3:41  Drone  
  47  3:44  Drone  
  47  3:47  Drone x2  
  51  3:53  Overlord  
  51  3:54  Drone x2  
  54  3:55  Drone  
  54  3:59  Queen  
  56  4:05  Drone x3  
  59  4:10  Roach Warren  
  58  4:17  Zergling x2  
  58  4:18  Zergling x10  
  64  4:25  Spine Crawler  
  64  4:29  Zergling x12  
  64  4:30  Zergling x2  
  70  4:39  Overlord  
  70  4:44  Spore Crawler  
  70  4:45  Lair  
  69  4:56  Roach x5  
  69  4:57  Drone x6  
  85  5:07  Roach x2  
  85  5:10  Extractor  
  85  5:11  Extractor  
  85  5:12  Evolution Chamber  
  86  5:15  Spore Crawler  
  86  5:20  Roach x2  
  89  5:25  Drone, Overlord  
  88  5:29  Overlord  
  88  5:33  Overlord  
  82  5:35  Overlord  
  82  5:38  Roach x3  
  82  5:39  Overlord  
  84  5:43  Overlord  
  84  5:49  Overlord  
  78  5:50  Drone x6  
  78  6:04  Drone  
  78  6:05  Drone x3  
  79  6:13  Drone x3  
  80  6:22  Drone x3  
  80  6:23  Glial Reconstitution  
  80  6:24  Extractor  
  82  6:26  Extractor  
  82  6:27  Extractor  
  80  6:33  Drone  
  80  6:34  Drone x2  
  83  6:40  Overlord x2  
  83  6:58  Overlord  
  83  6:59  Overlord  
  84  7:01  Drone  
  84  7:03  Zerg Melee Weapons Level 1  
  84  7:04  Drone x6  
  84  7:07  Drone x3  
  93  7:24  Overlord  
  93  7:26  Spore Crawler  
  93  7:28  Overseer, Overlord  
  92  7:30  Overlord  
  92  7:32  Zergling x12  
  92  7:33  Zergling x8  
  98  7:45  Baneling Nest  
  98  7:49  Drone x2  
  98  7:50  Drone x3  
  98  7:51  Drone x2  
  103  7:55  Hatchery  
  103  8:02  Overlord  
  103  8:06  Drone  
  103  8:07  Drone x3  
  103  8:08  Overlord  
  103  8:12  Overlord  
  107  8:17  Drone x7  
  107  8:18  Drone  
  115  8:25  Spire  
  115  8:26  Evolution Chamber  
  112  8:27  Ravager x3  
  112  8:28  Ravager x4  
  112  8:34  Infestation Pit, Centrifugal Hooks  
  118  8:41  Baneling  
  118  8:42  Baneling x11  
  118  8:48  Zergling x10  
  118  8:49  Zergling x2  
  124  8:58  Baneling x5  
  124  9:00  Zergling x2  
  124  9:01  Zergling x16  
  133  9:15  Zergling x18  
  142  9:39  Zerg Ground Armor Level 1, Zerg Melee Weapons Level 2  
  142  9:45  Hatchery  
  140  9:55  Baneling x13  
  136  10:00  Overlord  
  136  10:03  Corruptor x7  
  149  10:20  Corruptor x4  
  151  10:38  Hive  
  151  10:39  Zerg Flyer Weapons Level 1  
  151  10:43  Drone  
  151  10:44  Drone x5  
  151  10:45  Drone x11  
  168  10:54  Zergling x16  
  173  10:59  Baneling  
  173  11:00  Baneling x10  
  173  11:13  Zergling x2  
  173  11:14  Zergling x24  
  186  11:23  Pneumatized Carapace  
  186  11:24  Overseer x2  
  185  11:32  Zergling x32  
  182  11:45  Zergling x14  
  168  11:54  Baneling x22  
  154  11:56  Roach x8  
  170  12:04  Zergling x18  
  168  12:09  Roach x3  
  168  12:15  Zergling x10  
  165  12:22  Roach x2  
  152  12:27  Adrenal Glands  
  140  12:32  Zergling x2  
  140  12:33  Zergling x12  
  138  12:41  Roach  
  138  12:42  Roach x9  
  148  12:48  Baneling x10  
  148  12:52  Drone x5  
  153  13:05  Greater Spire  
  151  13:11  Drone x8  
  151  13:12  Drone  
  160  13:22  Ravager x5  
  160  13:23  Ravager  
  160  13:24  Ravager  
  160  13:26  Extractor x2  
  165  13:28  Drone  
  165  13:29  Zergling x12  
  165  13:30  Zergling x12  
  178  13:36  Baneling x8  
  178  13:43  Zergling x2  
  178  13:44  Zergling x20  
  178  13:47  Overseer  
  187  13:52  Overseer  
  170  14:02  Zergling x2  
  170  14:03  Zergling x28  
  183  14:18  Corruptor x3  
  189  14:24  Extractor  
  189  14:25  Extractor  
  187  14:37  Corruptor x3  
  187  14:38  Corruptor  
  193  14:48  Spine Crawler, Spore Crawler  
  193  14:51  Spine Crawler  
  193  14:52  Zerg Melee Weapons Level 3  
  190  14:59  Baneling x2  
  182  15:10  Brood Lord  
  182  15:11  Brood Lord  
  182  15:13  Brood Lord  
  182  15:14  Zergling x26  
  196  15:21  Brood Lord  
  187  15:29  Brood Lord  
  184  15:37  Zergling x22  
  184  15:38  Zergling x10  
  162  15:50  Zergling x16  
  160  15:58  Baneling x3  
  160  16:00  Zergling x6  
  160  16:03  Brood Lord  
  160  16:04  Brood Lord  
  154  16:13  Corruptor x2  
  157  16:34  Hatchery  
  154  16:41  Zergling x20  
  154  16:42  Zergling x2  
  164  16:52  Overseer  
  160  16:55  Zergling x10  
  165  17:08  Hatchery  
  144  17:23  Zergling x8  
  144  17:27  Zergling x4  
  136  17:31  Overseer  
  136  17:32  Overseer  
  110  17:46  Zergling x8  

Tags
 
Add a new tag
Caveats
  • Supply blocks, unpowered buildings, or Contaminate may cause inaccurate times.
  • Supply counts are checked every 10 seconds.